 Dungeon Sprint DCSS version 0.29-a0-221-gceb61267dd (webtiles) character file.

Game seed: 8315427123654207629

35961 mhtbhm the Phalangite (level 13, -4/146 HPs)
             Began as a Red Draconian Berserker on Feb 27, 2022.
             Was the Champion of Trog.
             Slain by an alligator (5 damage)
             ... in the Dungeon (Sprint IX: "|||||||||||||||||||||||||||||").
             The game lasted 00:06:39 (2854 turns).

mhtbhm the Phalangite (Red Draconian Berserker)     Turns: 2854, Time: 00:06:40

Health: -4/146     AC: 14    Str: 23    XL:     13   Next: 50%
Magic:  13/13      EV: 21    Int:  8    God:    Trog [******]
Gold:   681        SH:  0    Dex: 12    Spells: 12/12 levels left

rFire   + . .      SeeInvis .   D - +5 glaive (flame)
rCold   . . .      Faith    .   (shield currently unavailable)
rNeg    . . .      Spirit   .   (body armour unavailable)
rPois   .          Reflect  .   (helmet restricted)
rElec   .          Harm     .   j - +0 cloak
rCorr   .          Rampage  .   C - +1 pair of gloves
Will    .....      NoTele   +   q - +0 pair of boots
Stlth   +++.......              (no amulet)
HPRegen 0.34/turn               l - +2 ring of evasion
MPRegen 0.13/turn               m - +2 ring of protection

@: no status effects
A: breathe fire, AC +8, unfitting armour, fire resistance 1, cold-blooded
a: Breathe Fire, Renounce Religion, Berserk, Trog's Hand, Brothers in Arms


You were in the Dungeon.
You worshipped Trog.
Trog was exalted by your worship.
You visited 1 branch You collected 1331 gold pieces.
You spent 650 gold pieces at shops.

Inventory:

Hand Weapons
 a - the +8 glaive of the Guard {elec, spectral, AC+5}
   (You found it in the Dungeon)

   It occasionally discharges a powerful burst of electricity upon striking a
   foe.
   When it strikes, its spirit leaps out and fights alongside the wielder.
   AC:        It affects your AC (+5).
 t - a +5 vorpal demon trident
 B - the +5 scythe "Finisher" {speed, eviscerate}
   (You found it in the Dungeon)

   Attacks with this weapon are significantly faster.
   It may eviscerate those it strikes, slaying them instantly, with a decreasing
   chance against stronger foes.
 D - a +5 glaive of flaming (weapon)
Armour
 j - a +0 cloak (worn)
 q - a +0 pair of boots (worn)
 C - a +1 pair of gloves (worn)
Jewellery
 l - a +2 ring of evasion (left hand)
 m - a +2 ring of protection (right hand)
 s - a ring of see invisible
 y - a ring of protection from cold
 z - a ring of willpower
 A - a ring of willpower
Wands
 i - a wand of acid (9)
Scrolls
 g - 7 scrolls of blinking
 p - 5 scrolls of enchant armour
 r - 2 scrolls of fog
 u - 3 scrolls of identify
 v - 3 scrolls of enchant weapon
 w - a scroll of magic mapping
 x - 2 scrolls of fear
Potions
 b - 4 potions of curing
 c - 2 potions of heal wounds
 d - 3 potions of haste
 e - 4 potions of magic
 f - 2 potions of berserk rage
 h - a potion of invisibility
 k - 2 potions of mutation
 n - 2 potions of resistance
 o - 2 potions of might


   Skills:
 + Level 22.6 Fighting
 + Level 24.3 Polearms
 + Level 16.0 Dodging
 + Level 5.4 Stealth
 + Level 1.8 Evocations


You had 12 spell levels left.
You didn't know any spells.
Your spell library was empty.

Dungeon Overview and Level Annotations

Branches:
Dungeon (1/1)

Altars:
Cheibriados
Dithmenos
Elyvilon
Fedhas
Gozag
Hepliaklqana
Kikubaaqudgha
Makhleb
Nemelex Xobeh
Okawaru
Qazlal
Ru
Sif Muna
Trog
Uskayaw
Vehumet
Wu Jian
Xom
Yredelemnul
Zin
The Shining One
Beogh
Jiyva
Lugonu

Shops:
D ?([


Innate Abilities, Weirdness & Mutations

You can breathe blasts of fire.
Your fiery red scales are hard. (AC +8)
You cannot fit into any form of body armour.
Your flesh is heat resistant. (rF+)
You are cold-blooded and may be slowed by cold attacks.


Message History

You slash the alligator! You burn the alligator.
The alligator is lightly wounded.
The alligator bites you!!
* * * LOW HITPOINT WARNING * * *
The alligator tail-slaps you.
* * * LOW HITPOINT WARNING * * *
You hit the alligator. You burn the alligator.
The alligator is moderately wounded.
The alligator closely misses you.
The alligator tail-slaps you but does no damage.
Unknown command.
Unknown command.
You barely miss the alligator.
Your tail-slap misses the alligator.
The alligator is moderately wounded.
The alligator bites you!!
* * * LOW HITPOINT WARNING * * *
The alligator tail-slaps you but does no damage.
You slash the alligator! You burn the alligator. You tail-slap the alligator.
The alligator is heavily wounded.
The alligator completely misses you. The alligator closely misses you.
Unknown command.
Okay, then.
Okay, then.
You feel better. The alligator completely misses you.
The alligator tail-slaps you.
* * * LOW HITPOINT WARNING * * *
You feel better. The alligator bites you.
* * * LOW HITPOINT WARNING * * *
The alligator tail-slaps you!
* * * LOW HITPOINT WARNING * * *
Unknown command.
You feel better. The alligator bites you.
* * * LOW HITPOINT WARNING * * *
The alligator closely misses you.
Your iron troll goes berserk!
The alligator bites you!!
* * * LOW HITPOINT WARNING * * *
The alligator completely misses you. The alligator barely misses you.
The alligator tail-slaps you.
You die...

♣♣♣♣♣♣♣▓▓▓▓▓▓▓▓▓▓▓▓▓▓▓▓▓
....ntt@.T)).)()'.......
▓▓▓▓▓▓♣♣♣♣♣♣♣♣♣♣▓▓▓▓▓▓▓▓▓▓▓▓▓▓▓▓▓
................))))))......÷÷)).
▓▓▓▓▓▓▓▓▓▓▓▓▓▓▓▓▓▓▓▓▓▓▓▓▓▓▓▓▓▓▓▓▓
..))))))').........[[[[[[[..).)))
▓▓▓▓▓▓▓▓▓▓▓▓▓▓▓▓▓▓▓▓▓▓▓▓▓▓▓▓▓▓▓▓▓
.)..........................)....
▓▓▓▓▓▓▓▓▓▓▓▓▓▓▓▓▓▓▓▓▓▓▓▓▓▓▓▓▓▓▓▓▓
∩)∩)∩)))))'.....)))))))'....)..))


You could see 2 alligators, a bloated husk and a friendly iron troll (summoned,
berserk).

Vanquished Creatures
  Saint Roka (D)
  A nagaraja (D)
  A frost giant (D)
  Azrael (D)
  A bunyip (D)
  2 fire dragons (D)
  2 boulder beetles (D)
  A great orb of eyes (D)
  A rakshasa (D)
  5 hydras (D)
  Erolcha (D)
  A salamander tyrant (D)
  2 alligators (D)
  3 centaur warriors (D)
  A death knight (D)
  A naga sharpshooter (D)
  A deep troll earth mage (D)
  A hell knight (D)
  A shock serpent (D)
  A spriggan druid (D)
  3 orc knights (D)
  2 deep elf pyromancers (D)
  7 orc sorcerers (D)
  2 cyclopes (D)
  A manticore (D)
  3 merfolk sirens (D)
  6 black mambas (D)
  Joseph (D)
  A cane toad (shapeshifter) (D)
  An unseen horror (D)
  A rime drake (D)
  A cane toad (D)
  A komodo dragon (D)
  2 merfolk (D)
  3 blink frogs (D)
  A snapping turtle (D)
  A shadow (D)
  A water elemental (D)
  A vampire (D)
  4 yaks (D)
  2 fire elementals (D)
  2 water moccasins (D)
  3 wargs (D)
  5 hell hounds (D)
  13 orc warriors (D)
  A necrophage (D)
  2 ogres (D)
  6 wolves (D)
  2 kobold brigands (D)
  2 bullfrogs (D)
  2 hounds (D)
  4 orc priests (D)
  A jelly (D)
  10 orc wizards (D)
  9 orcs (D)
  An endoplasm (D)
  2 goblins (D)
  A kobold (D)
  A rat (D)
141 creatures vanquished.

Notes
Turn   | Place    | Note
-------+----------+-------------------------------------------
     0 | D        | mhtbhm the Draconian Berserker began the quest for the Orb.
     0 | D        | Reached XP level 1. HP: 19/19 MP: 1/1
    12 | D        | Reached ** piety under Trog
    89 | D        | Noticed a necrophage
    89 | D        | Noticed a hound
    89 | D        | Noticed a hound
    89 | D        | Noticed a jelly
    91 | D        | Killed a jelly
    92 | D        | Reached skill level 5 in Fighting
    92 | D        | Reached skill level 4 in Polearms
    92 | D        | Reached XP level 2. HP: 29/29 MP: 2/2
    92 | D        | Reached XP level 3. HP: 36/36 MP: 3/3
    95 | D        | Reached *** piety under Trog
    96 | D        | Reached skill level 5 in Polearms
    96 | D        | Reached XP level 4. HP: 44/44 MP: 4/4
   102 | D        | Reached skill level 6 in Polearms
   102 | D        | Reached skill level 5 in Dodging
   107 | D        | Killed a necrophage
   108 | D        | Reached skill level 7 in Polearms
   108 | D        | Reached XP level 5. HP: 53/53 MP: 5/5
   127 | D        | Found a snail-covered altar of Cheibriados.
   127 | D        | Found a shadowy altar of Dithmenos.
   127 | D        | Found a white marble altar of Elyvilon.
   127 | D        | Found a blossoming altar of Fedhas.
   127 | D        | Found an opulent altar of Gozag.
   128 | D        | Found a hazy altar of Hepliaklqana.
   129 | D        | Found a viscous altar of Jiyva.
   130 | D        | Found an ancient bone altar of Kikubaaqudgha.
   131 | D        | Found a corrupted altar of Lugonu.
   132 | D        | Found a burning altar of Makhleb.
   133 | D        | Found a sparkling altar of Nemelex Xobeh.
   134 | D        | Found an iron altar of Okawaru.
   135 | D        | Found a stormy altar of Qazlal.
   136 | D        | Found a sacrificial altar of Ru.
   137 | D        | Found a shimmering blue altar of Sif Muna.
   138 | D        | Found a bloodstained altar of Trog.
   139 | D        | Found a hide-covered altar of Uskayaw.
   140 | D        | Found a radiant altar of Vehumet.
   141 | D        | Found an ornate altar of the Wu Jian Council.
   142 | D        | Found a shimmering altar of Xom.
   143 | D        | Found a basalt altar of Yredelemnul.
   144 | D        | Found a glowing silver altar of Zin.
   145 | D        | Found a glowing golden altar of the Shining One.
   153 | D        | Found the +8 glaive of the Guard {elec, spectral, AC+5}
   186 | D        | Noticed a yak
   186 | D        | Noticed an orc warrior
   189 | D        | Killed an unseen horror
   189 | D        | Reached **** piety under Trog
   190 | D        | Reached skill level 10 in Polearms
   190 | D        | Reached XP level 6. HP: 66/66 MP: 6/6
   191 | D        | Killed an orc warrior
   192 | D        | Reached skill level 10 in Fighting
   192 | D        | Your scales start taking on a fiery red colour.
   192 | D        | Reached XP level 7. HP: 72/72 MP: 7/7
   192 | D        | Gained mutation: Your flesh is heat resistant. (rF+) [Red
                  | Draconian growth]
   197 | D        | Reached skill level 11 in Polearms
   198 | D        | Killed a yak
   253 | D        | Noticed a cyclops
   253 | D        | Noticed a vampire
   253 | D        | Noticed a shadow
   253 | D        | Noticed a cane toad
   253 | D        | Noticed a six-headed hydra
   257 | D        | Killed an eight-headed hydra
   257 | D        | Reached ***** piety under Trog
   258 | D        | Reached skill level 13 in Polearms
   258 | D        | Reached XP level 8. HP: 83/83 MP: 8/8
   258 | D        | Killed a cane toad
   262 | D        | Received a gift from Trog
   263 | D        | Reached skill level 14 in Polearms
   263 | D        | Reached XP level 9. HP: 92/92 MP: 9/9
   265 | D        | Killed a cyclops
   266 | D        | Reached skill level 10 in Dodging
   420 | D        | Noticed a rime drake
   420 | D        | Noticed a cane toad
   421 | D        | Noticed an eight-headed hydra
   424 | D        | Reached skill level 15 in Polearms
   426 | D        | Killed a cane toad
   431 | D        | Killed an eight-headed hydra
   432 | D        | Reached skill level 16 in Polearms
   435 | D        | Killed a rime drake
   435 | D        | Received a gift from Trog
   436 | D        | Reached XP level 10. HP: 103/103 MP: 10/10
   523 | D        | Noticed a black mamba
   523 | D        | Noticed a six-headed hydra
   530 | D        | Killed an 11-headed hydra
   531 | D        | Reached skill level 17 in Polearms
   538 | D        | Killed a black mamba
   538 | D        | Reached ****** piety under Trog
   540 | D        | Received a gift from Trog
   541 | D        | Reached skill level 15 in Fighting
   546 | D        | Reached skill level 18 in Polearms
   598 | D        | Received a gift from Trog
   727 | D        | Received a gift from Trog
   740 | D        | Received a gift from Trog
   787 | D        | Noticed an orc knight
   788 | D        | Noticed an orc knight
   797 | D        | Killed an orc knight
   798 | D        | Reached skill level 19 in Polearms
   798 | D        | Reached XP level 11. HP: 113/113 MP: 11/11
   801 | D        | Noticed an orc knight
   804 | D        | Killed an orc knight
   804 | D        | Received a gift from Trog
   812 | D        | Received a gift from Trog
   815 | D        | Killed an orc knight
   906 | D        | Found Lod Edosai's Magic Scroll Boutique.
   906 | D        | Noticed an orc sorcerer
   906 | D        | Noticed an orc sorcerer
   906 | D        | Noticed an orc sorcerer
   908 | D        | Noticed an orc sorcerer
   909 | D        | Killed an orc sorcerer
   910 | D        | Found Dyjisoill's Armour Shop.
   911 | D        | Killed an orc sorcerer
   912 | D        | Reached skill level 20 in Polearms
   913 | D        | Killed an orc sorcerer
   913 | D        | Received a gift from Trog
   915 | D        | Found Subbaom's Weapon Boutique.
   920 | D        | Found Uclupoaf's Magic Scroll Shop.
   923 | D        | Noticed an orc sorcerer
   924 | D        | Noticed an orc sorcerer
   925 | D        | Killed an orc sorcerer
   927 | D        | Noticed a sixfirhy
   928 | D        | Noticed an orc sorcerer
   930 | D        | Killed an orc sorcerer
   930 | D        | Received a gift from Trog
   940 | D        | Killed an orc sorcerer
   942 | D        | Killed an orc sorcerer
   946 | D        | Received a gift from Trog
  1069 | D        | Bought a scroll of blinking for 105 gold pieces
  1069 | D        | Bought a scroll of fog for 28 gold pieces
  1069 | D        | Bought a scroll of identify for 28 gold pieces
  1069 | D        | Bought a scroll of enchant weapon for 105 gold pieces
  1069 | D        | Bought a scroll of enchant armour for 105 gold pieces
  1069 | D        | Bought a scroll of magic mapping for 49 gold pieces
  1069 | D        | Bought a scroll of identify for 28 gold pieces
  1079 | D        | Bought a scroll of fear for 38 gold pieces
  1079 | D        | Bought a scroll of blinking for 82 gold pieces
  1079 | D        | Bought a scroll of blinking for 82 gold pieces
  1165 | D        | Noticed Joseph
  1173 | D        | Killed Joseph
  1218 | D        | Noticed Erolcha
  1221 | D        | Killed Erolcha
  1222 | D        | Reached skill level 21 in Polearms
  1265 | D        | Found the +5 scythe "Finisher" {speed, eviscerate}
  1316 | D        | Noticed a centaur warrior
  1316 | D        | Noticed a centaur warrior
  1316 | D        | Noticed a boulder beetle
  1316 | D        | Noticed a boulder beetle
  1316 | D        | Noticed a death knight
  1316 | D        | Noticed a deep elf pyromancer
  1322 | D        | Killed a deep elf pyromancer
  1322 | D        | Received a gift from Trog
  1322 | D        | Noticed a centaur warrior
  1323 | D        | Noticed a deep elf pyromancer
  1326 | D        | Killed a death knight
  1331 | D        | Noticed a great orb of eyes
  1333 | D        | Killed a centaur warrior
  1337 | D        | Killed a centaur warrior
  1338 | D        | Reached XP level 12. HP: 66/127 MP: 12/12
  1338 | D        | Noticed a rakshasa
  1341 | D        | Killed a boulder beetle
  1341 | D        | Noticed a fire dragon
  1342 | D        | Reached skill level 1 in Stealth
  1342 | D        | Reached skill level 1 in Evocations
  1346 | D        | Killed a boulder beetle
  1346 | D        | Received a gift from Trog
  1347 | D        | Killed a centaur warrior
  1348 | D        | Reached skill level 22 in Polearms
  1350 | D        | Noticed a fire dragon
  1355 | D        | Noticed a frost giant
  1356 | D        | Killed a great orb of eyes
  1357 | D        | Noticed a deep troll earth mage
  1361 | D        | Killed a rakshasa
  1365 | D        | Killed a fire dragon
  1640 | D        | Killed a fire dragon
  1645 | D        | Killed a frost giant
  1645 | D        | Received a gift from Trog
  1659 | D        | Killed a deep troll earth mage
  1868 | D        | Noticed Saint Roka
  1874 | D        | Received a gift from Trog
  1881 | D        | Killed Saint Roka
  1882 | D        | Reached skill level 23 in Polearms
  1927 | D        | Noticed Azrael
  1938 | D        | Killed Azrael
  1938 | D        | Received a gift from Trog
  1944 | D        | Reached skill level 15 in Dodging
  2276 | D        | Noticed a nagaraja
  2280 | D        | Noticed a salamander tyrant
  2285 | D        | Killed a nagaraja
  2286 | D        | Reached XP level 13. HP: 85/143 MP: 13/13
  2289 | D        | Received a gift from Trog
  2618 | D        | Received a gift from Trog
  2628 | D        | Received a gift from Trog
  2827 | D        | Noticed a bunyip
  2830 | D        | Reached skill level 24 in Polearms
  2833 | D        | Reached skill level 5 in Stealth
  2838 | D        | Received a gift from Trog
  2842 | D        | Killed a bunyip
  2854 | D        | HP: 1/146 [alligator (20)]
  2854 | D        | Slain by an alligator

Illustrated notes

Levels and vault maps discovered:
D:        linesprint [early_d, line_temple, items_1, d_10, items_2, lair_1,
          lair_end, items_3, orc_1, orc_end, items_4, d_15, swamp_1, shoals_1,
          snake_1, spider_1, d_20, vaults_1, items_5, swamp_end, shoals_end,
          snake_end, spider_end, vaults_end, d_27, items_6, zot_1, zot_end,
          crypt_end, forest_end, elf_end, slime_end, tomb_end, abyss_end,
          pan_hell_end]

Skill      XL: |  1  2  3  4  5  6  7  8  9 10 11 12 13 |
---------------+----------------------------------------+-----
Dodging        | 4 5 7 9 11 12 13 15 16 | 16.0
Fighting       | 5 7 9 10 12 14 15 18 21 22 | 22.6
Polearms       | 4 5 7 10 13 14 16 19 21 23 24 | 24.3
Stealth        | 3 5 |  5.4
Evocations     | 1 |  1.8

Action                   |  1- 3 |  4- 6 |  7- 9 | 10-12 | 13-15 || total
-------------------------+-------+-------+-------+-------+-------++-------
Melee: Spear             |    16 |    12 |       |       |       ||    28
       Tailslap          |     2 |     3 |     3 |    27 |     7 ||    42
       Glaive            |       |     3 |    24 |   167 |    49 ||   243
Invok: Berserk           |     1 |     1 |     2 |     7 |       ||    11
       Brothers in Arms  |       |       |       |     1 |     1 ||     2
 Abil: Breathe Fire      |       |       |     1 |     4 |     1 ||     6
Evoke: Wand              |       |       |       |     1 |       ||     1
  Use: Potion            |       |       |       |     1 |     3 ||     4
       Scroll            |       |       |       |     1 |       ||     1
 Stab: Distracted        |       |       |       |     1 |       ||     1
Armor: Skin              |       |     2 |    10 |    44 |    12 ||    68
Dodge: Dodged            |     3 |     4 |    19 |    89 |    36 ||   151

Table legend: (Time is in decaauts)
 A = Elapsed time spent in this place.
 B = Non-inter-level travel time spent in this place.
 C = Inter-level travel time spent in this place.
 D = Time resting spent in this place.
 E = Time spent auto-exploring this place.
 F = Levels seen in this place.
 G = Mean time per level.
                   A        B        C        D        E       F      G
               +--------+--------+--------+--------+--------+-----+--------+
         Total |   2860 |   2860 |      0 |   1567 |    346 |   1 | 2860.0 |
       Dungeon |   2860 |   2860 |      0 |   1567 |    346 |   1 | 2860.0 |
               +--------+--------+--------+--------+--------+-----+--------+

Top non-repeatable levels by time:
       D: 2860 daAuts
